[Event "Late-Titled-Tuesday-Blitz-February-13-2024"]
[Site "Chess.com"]
[Date "2024.02.13"]
[Round "8"]
[White "sotochess"]
[Black "CFalcons8"]
[Result "1/2-1/2"]
[WhiteElo "2573"]
[BlackElo "2428"]
[TimeControl "180+1"]
[EndTime "15:29:24 PST"]
[Termination "Game drawn by stalemate"]

1. e4 e5 2. Nf3 Nc6 3. Bc4 Nf6 4. Ng5 d5 5. exd5 Na5 6. Bb5+ c6 7. dxc6 bxc6 8. Bd3 h6 9. Ne4 Nd5 10. O-O Be7 11.
Re1 O-O 12. Ng3 Bd6 13. Bf5 g6 14. Bxc8 Rxc8 15. d4 exd4 16. Bxh6 Re8 17. Rxe8+ Qxe8 18. Nd2 c5 19. Nde4 Bf8 20. Bxf8 Qxf8 21. c3 Qg7 22. Qa4 dxc3 23. Qxa5 cxb2 24. Rb1 f5 25. Qd2 Qd4 26. Qh6 Qg7 27. Qxg7+ Kxg7 28. Rxb2 fxe4 29. Nxe4 c4 30. f3 c3 31. Rc2 Rb8 32. Rc1 Nf4 33. Kf1 Rb2 34.
Rxc3 Rxg2 35. Rc7+ Kh6 36. Nf6 Rxa2 37. h4 g5 38.
Ng4+ Kg6 39. Rc6+ Kf7 40. hxg5 Ra1+ 41. Kf2 Nh3+ 42. Kg3 Nxg5 43. Ne5+ Ke7 44. Kg4 Ne6 45. Rc4 Rg1+ 46. Kf5 Rg5+ 47. Ke4 a5 48. f4 Rh5 49. f5 Rh4+ 50. Kd5 Rxc4 51. Nxc4 Ng7 52. Ke5 Nxf5 53. Kxf5 a4 54. Na3 Kd7 55. Ke4 Kc6 56. Kd3 Kc5 57.
Kc3 Kd5 58. Kb4 Kd4 59. Nc4 a3 60. Nd2 Kd3 61. Nb3 a2 62. Ka3 Kc2 63. Na1+ Kb1 64. Kb3 Kxa1 65. Kc2 1/2-1/2

[Event "Late-Titled-Tuesday-Blitz-February-13-2024"]
[Site "Chess.com"]
[Date "2024.02.13"]
[Round "8"]
[White "protectiago"]
[Black "FMOlexandrProhorov"]
[Result "0-1"]
[WhiteElo "2085"]
[BlackElo "2320"]
[TimeControl "180+1"]
[EndTime "15:29:24 PST"]
[Termination "FMOlexandrProhorov won on time"]

1. d4 Nf6 2. c4 e5 3. dxe5 Ng4 4. e6 fxe6 5. e4 Bb4+ 6. Bd2 Bxd2+ 7. Nxd2 Ne5 8.
Qh5+ Ng6 9. e5 Nc6 10. Ngf3 Qe7 11. Bd3 Qf7 12. Ne4 Nf4 13. Qxf7+ Kxf7 14. Neg5+ Kg8 15.
Bf1 Nb4 16. O-O-O Nxa2+ 17. Kb1 Nb4 18. g3 Ng6 19. Bh3 Nf8 20. Nd4 h6 21. Ne4 a6 22.
f4 b6 23. Rhe1 Bb7 24. Nc3 Kh7 25. f5 exf5 26. Nxf5 g6 27. Ne7 Re8 28. Ned5 Nxd5 29. cxd5 Kg7 30. e6 dxe6 31. dxe6 Re7 32. Rd8 g5 33.
Bf5 Ng6 34. Rxh8 Nxh8 35. g4 Ng6 36. Rd1 Nf4 37. Rd7 Kf6 38. Kc2 Bc6 39. Rd4 h5 40. Ne4+ Bxe4+ 41. Rxe4 hxg4 42. Bxg4 Nxe6 43. h4 gxh4 44.
Bxe6 Rxe6 45. Rxh4 Rd6 46. Kc3 Ke6 47. b4 Kd7 48. Rh7+ Kc6 49. Rh8 Rg6 50. Ra8 Kb7 51.
Re8 b5 52. Re5 Kb6 53. Re4 a5 54. bxa5+ Kxa5 55. Kb3 Rg3+ 56. Kb2 c5 57. Re8 Kb4 58. Re4+ c4 59. Kc2 Rg2+ 60. Kd1 Kb3 61. Re3+ c3 62. Re8 b4 63. Rc8 Rg1+ 64. Ke2 c2 65. Kf2 Rh1 0-1

[Event "Late-Titled-Tuesday-Blitz-February-13-2024"]
[Site "Chess.com"]
[Date "2024.02.13"]
[Round "8"]
[White "tgpgoat"]
[Black "The_Straightforward_Rook"]
[Result "1-0"]
[WhiteElo "2537"]
[BlackElo "2445"]
[TimeControl "180+1"]
[EndTime "15:29:26 PST"]
[Termination "tgpgoat won on time"]

1. Nf3 d5 2. g3 Nf6 3. Bg2 c6 4. O-O Bg4 5. Ne5 h5 6. Nxg4 hxg4 7. d4 Nbd7 8. Nc3 e6 9. e4 dxe4 10. Nxe4 Nxe4 11. Bxe4 Nf6 12. Bg5 Be7 13. Bxf6 Bxf6 14.
Qxg4 Qxd4 15. c3 Qb6 16. Rad1 Rd8 17. Qe2 Kf8 18. Rxd8+ Qxd8 19. Rd1 Qc7 20. Rd3 Ke7 21. Qe3 b6 22. Qf3 c5 23. Re3 Rd8 24. Kg2 Qd6 25.
Bc2 Qd5 26. Be4 Qd2 27. Qf4 Qxb2 28. Bc6 Kf8 29. Rf3 Qd2 30. Qc7 Qd6 31. Qb7 Qb8 32. Qa6 Qc7 33. Be4 Kg8 34. Qe2 Qe5 35. Re3 Qd6 36.
Qh5 g6 37. Qg4 Bg7 38. Bf3 Qe7 39. h4 Qf6 40. h5 gxh5 41. Qxh5 Rd2 42. Re4 Qxc3 43.
Rf4 Rd7 44. Bc6 Rc7 45. Be4 Qe5 46. Qh7+ Kf8 47. Bf3 Rd7 48. Re4 Qf6 49. Rf4 Qe5 50. Re4 Qf6 51. Rg4 Rd2 52. Qe4 Qd8 53. Rf4 Kg8 54.
Bh5 Rd7 55. Qf3 Qf8 56. Bg6 1-0

[Event "Late-Titled-Tuesday-Blitz-February-13-2024"]
[Site "Chess.com"]
[Date "2024.02.13"]
[Round "8"]
[White "annasargsyan_m"]
[Black "viniciusrego"]
[Result "1-0"]
[WhiteElo "2587"]
[BlackElo "2386"]
[TimeControl "180+1"]
[EndTime "15:29:29 PST"]
[Termination "annasargsyan_m won by resignation"]

1. d4 g6 2. g3 Bg7 3. Bg2 c5 4. Nf3 cxd4 5. Nxd4 Qb6 6. Nb3 Nf6 7. O-O O-O 8. c4 d6 9. Nc3 Be6 10. Be3 Qc7 11. Rc1 a6 12. c5 d5 13. Nd4 Nc6 14. Bf4 Qc8 15. Nxe6 fxe6 16. Na4 e5 17. Nb6 Qg4 18.
Bxd5+ Nxd5 19. Qxd5+ e6 20. Qe4 exf4 21. Nxa8 Rxa8 22.
Rfd1 Rf8 23. Rd7 Rf7 24. Rcd1 Qf5 25. Qxf5 Rxf5 26. Rxb7 Rxc5 27. Rc7 Be5 28. Rc8+ Kg7 29. Rd7+ Kh6 30. gxf4 Bxf4 31. Rh8 Ne5 32. Rhxh7+ Kg5 33. Rde7 Ng4 34. e3 Rc1+ 35. Kg2 Be5 36. h4+ Kf5 37. e4+ Kf4 38. Rhf7+ Bf6 39. Rxe6 Rc2 40. Rfxf6+ Nxf6 41. Rxf6+ Kxe4 42. Rxa6 Rxb2 43. a4 Kf5 44. a5 Ra2 45. Ra8 Kg4 46. a6 Kxh4 47. a7 Kg5 48. Kg3 Ra4 49. f3 Ra3 50. Kf2 Ra2+ 51.
Ke3 Ra3+ 52. Kd4 Ra5 53. Ke4 Ra4+ 54. Ke5 Ra5+ 55. Ke6 Ra6+ 56. Kf7 Ra3 57. Kg7 Ra4 58. f4+ Kg4 59. Kxg6 Ra6+ 60. Kg7 Ra1 61. f5 Kg5 62. f6 Ra6 63. f7 Rg6+ 64. Kf8 Rh6 65. Re8 Kf6 66.
Kg8 Rg6+ 67. Kh7 Rg7+ 68. Kh6 Rg6+ 69. Kh5 Kxf7 70. a8=Q 1-0

[Event "Late-Titled-Tuesday-Blitz-February-13-2024"]
[Site "Chess.com"]
[Date "2024.02.13"]
[Round "8"]
[White "gahryman"]
[Black "Genghis_K"]
[Result "0-1"]
[WhiteElo "2697"]
[BlackElo "2918"]
[TimeControl "180+1"]
[EndTime "15:29:31 PST"]
[Termination "Genghis_K won on time"]

1. e4 c5 2. Nf3 d6 3. d4 cxd4 4. Qxd4 Nc6 5. Bb5 a6 6. Bxc6+ bxc6 7. c4 e5 8. Qd3 Ne7 9. O-O Ng6 10. Be3 Be7 11.
Rd1 O-O 12. c5 d5 13. exd5 cxd5 14. Qxd5 Qxd5 15. Rxd5 Be6 16. Rd1 Rfc8 17. Rc1 a5 18. Nbd2 f5 19. c6 f4 20. Bc5 Bf6 21. Bd6 Bd5 22. Rc5 Bxc6 23. Rac1 Bd7 24. Ne4 Rxc5 25.
Rxc5 Bf5 26. Nfd2 Rd8 27. Rxa5 Be7 28. Bxe7 Nxe7 29. f3 Nd5 30. Rc5 Ne3 31. Rxe5 Bxe4 32. Nxe4 Rd1+ 33. Kf2 Rf1+ 34. Ke2 Rg1 35. g3 Rg2+ 36.
Kd3 Rxb2 37. gxf4 Ng2 38. Ra5 Nxf4+ 39. Ke3 Ng2+ 40. Kd4 Ne1 41. Ng5 g6 42. Ra7 Rxh2 43. f4 h6 44. Ne4 Re2 45. Nf6+ Kf8 46. Rd7 Nf3+ 47. Kc5 Re6 48. Rd6 Ke7 49. Rxe6+ Kxe6 50. Ne4 Kf5 51. Nf2 Kxf4 52. a4 Nd2 53. Kb4 Ke5 54.
a5 Kd4 55. a6 Nc4 56. a7 Nb6 57.
Kb5 Na8 58. Kc6 Ke5 59. Kb7 Kd6 60. Ne4+ Kd7 61. Nf6+ Kd8 62. Kxa8 Kc8 63. Nd5 g5 64. Nb6+ Kc7 65. Nd5+ Kc8 66. Nf6 Kc7 67. Ne8+ Kc8 68. Nd6+ Kc7 69. Nf7 g4 70. Nxh6 g3 0-1

[Event "Late-Titled-Tuesday-Blitz-February-13-2024"]
[Site "Chess.com"]
[Date "2024.02.13"]
[Round "8"]
[White "LLRChess"]
[Black "BozeKat"]
[Result "0-1"]
[WhiteElo "2549"]
[BlackElo "2068"]
[TimeControl "180+1"]
[EndTime "15:29:31 PST"]
[Termination "BozeKat won on time"]

1. e4 c6 2. d4 d5 3. exd5 cxd5 4.
Bd3 Nc6 5. c3 Nf6 6. Bf4 g6 7. Nf3 Bf5 8. Bxf5 gxf5 9. Nbd2 Rg8 10.
O-O e6 11. c4 Bd6 12. Bg5 Rxg5 13. Nxg5 Bxh2+ 14. Kh1 Ng4 15. Ndf3 Bf4 16. Nh3 Bc7 17.
cxd5 Qxd5 18. b4 O-O-O 19. Rc1 Kb8 20. Qa4 Nxd4 21. Nxd4 Qxd4 22. Rcd1 Qf6 23. Rxd8+ Qxd8 24. Rd1 Qe7 25. Rd7 Qe8 26. Qd1 Ne5 27. Rd2 a6 28. a4 Qc6 29. b5 axb5 30. axb5 Qxb5 31. Rc2 Ng4 32. Qc1 Qe5 33. f4 Qd6 34. Rd2 Qb6 35.
Rd7 Qc6 36. Qxc6 bxc6 37. Rxf7 c5 38. Ng1 c4 39. Ne2 Nf2+ 40. Kg1 Nd3 41. Rxh7 Nxf4 42. Nxf4 Bxf4 43. Rh3 Kc7 44. Kf1 Bd2 45. Ke2 c3 46.
Kd3 Kd6 47. Rh8 Ke5 48. Re8 Be1 49. Ke2 Bd2 50. Kd3 Kf6 51. Ke2 e5 52. Kd3 e4+ 53.
Ke2 Kg5 54. Rg8+ Kf4 55. Rf8 e3 56. Rg8 Ke4 57. Re8+ Kf4 58. Rf8 c2 59. g4 c1=Q 60. Rxf5+ Kxg4 0-1

[Event "Late-Titled-Tuesday-Blitz-February-13-2024"]
[Site "Chess.com"]
[Date "2024.02.13"]
[Round "8"]
[White "platy3"]
[Black "BogdanDeac"]
[Result "0-1"]
[WhiteElo "2957"]
[BlackElo "3034"]
[TimeControl "180+1"]
[EndTime "15:29:32 PST"]
[Termination "BogdanDeac won on time"]

1. e4 e5 2. Nf3 Nc6 3. Bc4 Bc5 4. d3 Nf6 5. a4 d6 6. O-O a6 7.
Be3 Bxe3 8. fxe3 O-O 9. Nbd2 Ne7 10. Nh4 Ng6 11. Nxg6 hxg6 12. Qe1 Qe7 13. Qg3 Be6 14. Bxe6 Qxe6 15. Nf3 Qg4 16. Qe1 a5 17. h3 Qd7 18.
Qh4 Nh7 19. b3 f6 20. Rad1 Rfe8 21. g4 g5 22. Qg3 d5 23. Nd2 c6 24. Qf3 Nf8 25.
Qf5 Rad8 26. Kg2 Qf7 27. Qf2 Ng6 28. Nf3 Qe6 29. Qe1 dxe4 30. dxe4 b6 31. Qc3 Nf8 32. Rd3 Rc8 33. Rfd1 Qf7 34. Rd6 Qc7 35. Qc4+ Qf7 36. Qxf7+ Kxf7 37. Nd2 Ke7 38. Nc4 Rb8 39. Rxc6 Rec8 40.
Rdd6 Rxc6 41. Rxc6 Nd7 42. Rc7 Kd8 43. Ra7 g6 44. Kf2 Ke7 45. Rc7 Kd8 46. Rc6 Ke7 47. c3 b5 48. Nxa5 bxa4 49. bxa4 Ra8 50. Nb3 Rxa4 51. Rc7 Ra2+ 52. Kf3 Kd6 53. Rb7 Rc2 54. Ra7 Rxc3 55. Ra6+ Rc6 56. Rxc6+ Kxc6 57. Nd2 Kb5 58. Ke2 Nc5 59. Kd1 Ka4 60. Kc2 Kb4 61. Kb2 Nd3+ 62. Kc2 Nf2 63. Nf3 Nxh3 64. Kd3 Nf2+ 0-1

[Event "Late-Titled-Tuesday-Blitz-February-13-2024"]
[Site "Chess.com"]
[Date "2024.02.13"]
[Round "8"]
[White "VinzentSpitzl"]
[Black "Jahonas"]
[Result "1/2-1/2"]
[WhiteElo "2511"]
[BlackElo "2395"]
[TimeControl "180+1"]
[EndTime "15:29:32 PST"]
[Termination "Game drawn - insufficient material"]

1. e4 c6 2. d4 d5 3. exd5 cxd5 4. Bd3 Nc6 5. c3 Nf6 6. Bf4 e6 7. Nf3 Bd6 8. Bxd6 Qxd6 9. Nbd2 a6 10. a4 Bd7 11. O-O O-O 12. Re1 Rfb8 13. Ne5 Be8 14. Qe2 Ne7 15. a5 b5 16. axb6 Rxb6 17. b4 Rc8 18.
Ra3 Bb5 19. Bxb5 axb5 20. Nd3 Ne4 21. Nxe4 dxe4 22. Qxe4 Nd5 23. Nc5 g6 24. g3 Rbc6 25. Rea1 Nb6 26. Ra7 Nd5 27. R1a3 R6c7 28. R7a6 Qe7 29.
Qe5 Rc6 30. Ra7 R6c7 31. Rxc7 Qxc7 32. Qxc7 Rxc7 33. Kf1 Kg7 34. Ke2 Kf6 35. Kd3 Rc6 36. Ra7 Nc7 37. f3 Kf5 38. Ne4 h5 39. h4 f6 40. Ke3 Nd5+ 41. Kd3 e5 42. dxe5 Kxe5 43. Rb7 f5 44. Rxb5 fxe4+ 45. fxe4 Rxc3+ 46. Kd2 Kxe4 47. Rxd5 Rxg3 48. Rd6 Ke5 49. Rc6 Rg4 50. b5 Kf5 51.
Kc3 Rxh4 52. b6 Rh1 53. Kc2 Rh2+ 54. Kb3 Rh1 55. Rc5+ Ke6 56. Rb5 Rb1+ 57. Kc4 Rc1+ 58.
Kd4 Rc8 59. b7 Rb8 60. Ke4 Kf6 61. Kf4 g5+ 62. Ke4 h4 63. Rb6+ Kg7 64. Kf5 h3 65.
Kxg5 h2 66. Rb1 Kf7 67. Kg4 Ke6 68. Kg3 Kd7 69. Kxh2 Kc7 70. Kg3 Rxb7 71. Rxb7+ Kxb7 1/2-1/2

[Event "Late-Titled-Tuesday-Blitz-February-13-2024"]
[Site "Chess.com"]
[Date "2024.02.13"]
[Round "8"]
[White "cande_francisco"]
[Black "CarlosjPineror"]
[Result "1/2-1/2"]
[WhiteElo "2501"]
[BlackElo "2686"]
[TimeControl "180+1"]
[EndTime "15:29:38 PST"]
[Termination "Game drawn by stalemate"]

1. e4 c5 2. Nf3 e6 3. d4 cxd4 4.
Nxd4 a6 5. Bd3 Qc7 6. O-O Nf6 7.
Qe2 h5 8. e5 Ng4 9. Bf4 f5 10.
h3 Bc5 11. Nb3 Ba7 12. hxg4 hxg4 13. Nc3 Nc6 14. g3 b5 15. Kg2 Bb7 16. f3 gxf3+ 17.
Rxf3 Nb4 18. Bxb5 O-O-O 19. a3 Nd5 20. Bxa6 Nxc3 21. bxc3 Kb8 22. Bxb7 Qxb7 23. Rb1 Ka8 24. Nd2 Qc6 25. Qb5 Rh5 26. Qxc6+ dxc6 27. Rh1 Rdh8 28.
Rxh5 Rxh5 29. Nc4 g5 30. Be3 c5 31. Rf1 Kb7 32. Rd1 Rh7 33. Rd6 Rh6 34. Bxg5 Rg6 35. Bf4 Bb8 36. Na5+ Kc7 37. Rc6+ Kd7 38. Rxc5 Ba7 39. Rb5 Kc8 40. Nc4 Kc7 41. Nd6 Kc6 42.
Ra5 Bb6 43. Ra6 Kd5 44. Rxb6 Rxg3+ 45. Kf2 Rxc3 46. Bd2 Rxc2 47. Ke3 Kxe5 48. Nb5 Ra2 49. Bc3+ Kd5 50. Kd3 Kc5 51. Rb8 e5 52. Bxe5 Rg2 53.
Bd4+ Kd5 54. Rb6 Rg3+ 55. Kd2 Rh3 56. Bf2 Kc4 57. Nd6+ Kd5 58. Nxf5 Rf3 59. Ke2 Rxf5 60. Rb5+ Ke4 61. Rxf5 Kxf5 62. Kd3 Ke6 63. Kc4 Kd7 64. Kb5 Kc7 65. Ka6 Kb8 66. Bb6 Ka8 67. Ba5 Kb8 68.
Bb4 Ka8 69. Bc5 Kb8 70. Bb6 Ka8 71. a4 Kb8 72. a5 Ka8 73. Kb5 Kb8 74. a6 Ka8 75. Ka4 Kb8 76. Kb3 Ka8 77. Kb4 Kb8 78.
a7+ Ka8 79. Kb5 Kb7 80. Bc5 Ka8 81. Bb4 Kb7 82. Ba5 Ka8 83. Bb6 Kb7 84. Bc5 Ka8 85.
Ka6 1/2-1/2

[Event "Late-Titled-Tuesday-Blitz-February-13-2024"]
[Site "Chess.com"]
[Date "2024.02.13"]
[Round "8"]
[White "aghasiyevkamal"]
[Black "EsmeraldasAnderson03"]
[Result "0-1"]
[WhiteElo "2649"]
[BlackElo "2464"]
[TimeControl "180+1"]
[EndTime "15:29:38 PST"]
[Termination "EsmeraldasAnderson03 won on time"]

1. d4 d5 2. c4 dxc4 3. Nf3 Nf6 4. e3 e6 5. Bxc4 a6 6. O-O c5 7. a4 Nc6 8. Qe2 cxd4 9. Rd1 Be7 10. exd4 O-O 11.
Nc3 Nb4 12. Bg5 h6 13. Bh4 b6 14. Ne5 Bb7 15. f4 Nfd5 16. Bg3 Rc8 17. Rac1 Bh4 18. Ne4 Bxg3 19. hxg3 Rc7 20. Rf1 Ne7 21. Rfd1 Qa8 22. Nd6 Bd5 23. Bxd5 Nexd5 24. Rxc7 Nxc7 25. f5 Qd5 26. Ndxf7 Rxf7 27. Nxf7 Kxf7 28. Re1 Qxd4+ 29. Kh1 e5 30.
Qh5+ Kg8 31. f6 Nd3 32. f7+ Kf8 33. Rf1 Nf2+ 34. Kh2 Ng4+ 35. Kh3 Nf2+ 36. Kh2 Ng4+ 37. Kh3 Nf6 38. Rxf6 gxf6 39. Qxh6+ Kxf7 40. Qh7+ Ke8 41. Qxc7 Qd7+ 42. Qxd7+ Kxd7 43. Kg4 Ke6 44. Kf3 Kd5 45. Ke3 b5 46. axb5 axb5 47. g4 Kc4 48. Ke4 Kb3 49. Kf5 Kxb2 50. Kxf6 e4 51. g5 e3 52. g6 e2 53. g7 e1=Q 54. g8=Q Qf2+ 55. Ke6 Qe2+ 56. Kd6 b4 57. Qd5 b3 58. Kc5 Qc2+ 59. Kb4 Ka2 60.
Qa8+ Kb1 61. Qa3 b2 62. Qe3 Qd1 63. Qe4+ Ka1 64. Qa8+ Kb1 65. Qe4+ Kc1 66. Qe3+ Qd2+ 67. Qxd2+ Kxd2 0-1

[Event "Late-Titled-Tuesday-Blitz-February-13-2024"]
[Site "Chess.com"]
[Date "2024.02.13"]
[Round "8"]
[White "PepeCuenca"]
[Black "ACollins05"]
[Result "0-1"]
[WhiteElo "2649"]
[BlackElo "2463"]
[TimeControl "180+1"]
[EndTime "15:29:40 PST"]
[Termination "ACollins05 won on time"]

1. c4 e6 2. Nf3 d5 3. b3 Nf6 4.
Bb2 Be7 5. g3 O-O 6. Bg2 b6 7.
O-O Bb7 8. e3 Nbd7 9. Nc3 c5 10.
Qe2 Rc8 11. Rad1 Qc7 12. d3 Rfd8 13. e4 dxe4 14. dxe4 Nf8 15. e5 N6d7 16. Nb5 Qb8 17. Nd6 Bxd6 18. exd6 f6 19. Bh3 e5 20. Nh4 g6 21. f4 e4 22. f5 g5 23. Ng2 Rc6 24. Qxe4 Rxd6 25. Qc2 Rxd1 26. Rxd1 Ne5 27. Bxe5 Rxd1+ 28.
Qxd1 Qxe5 29. Qd2 Qe4 30. g4 h5 31. Qe3 Qb1+ 32. Qe1 Qxa2 33. gxh5 Qxb3 34. Ne3 Qd3 35.
Bg2 Bxg2 36. Kxg2 Qe4+ 37. Kg1 Nd7 38. Qd2 Qd4 39. Qe2 Ne5 40. Kg2 Qe4+ 41. Kf1 Qf4+ 42. Ke1 Nf3+ 43. Kd1 Nd4 44. Qd3 Qf3+ 45. Kc1 Qh1+ 46. Kb2 Qxh2+ 47. Ka3 Qg3 48. Ka4 Qf4 49. Nd5 Qe5 50. Ka3 Kg7 51. Ka4 Kh6 52. Ka3 g4 53. Qd2+ Kxh5 54. Qd3 g3 55. Qd1+ Kh4 56. Qh1+ Kg4 57. Qd1+ Qe2 58. Nxf6+ Kxf5 59. Qxe2 Nxe2 60. Nd5 Ke4 61. Nf6+ Kf3 62. Nd7 g2 63. Ne5+ Ke4 64.
Ka4 g1=Q 65. Kb5 Qb1+ 66. Kc6 Kxe5 67. Kb7 Qd3 0-1

[Event "Late-Titled-Tuesday-Blitz-February-13-2024"]
[Site "Chess.com"]
[Date "2024.02.13"]
[Round "8"]
[White "IMRosen"]
[Black "TanitoluwaAps116"]
[Result "1/2-1/2"]
[WhiteElo "2634"]
[BlackElo "2779"]
[TimeControl "180+1"]
[EndTime "15:29:43 PST"]
[Termination "Game drawn by repetition"]

1. d4 Nf6 2. Bf4 e6 3. e3 b6 4. Qf3 Nc6 5. Nc3 Bb7 6. O-O-O d6 7. h4 h5 8. Qg3 g6 9. Nf3 Ne7 10.
Ng5 Nf5 11. Qh2 Bg7 12. e4 Nxd4 13. f3 Nd7 14. Be3 Nc6 15. Bc4 Qe7 16. Nb5 O-O-O 17. c3 Kb8 18. Rd2 Nde5 19. Be2 a6 20. Nd4 Nxd4 21.
Bxd4 f6 22. Nh3 Bh6 23. f4 Ng4 24. Bxg4 hxg4 25. Nf2 e5 26. Be3 f5 27. Re1 Bxf4 28. Bxf4 Rxh4 29. Qg3 exf4 30. Qxf4 fxe4 31. Rde2 Rf8 32.
Qg3 Qg5+ 33. Kc2 d5 34. Nd1 Rhh8 35. Ne3 Qf4 36. Qxg4 Qxg4 37. Nxg4 Bc8 38. Ne3 Be6 39. Rd2 c6 40. a4 Kc7 41. Kc1 Kd6 42. Nc2 Ke5 43.
Nd4 Bd7 44. Nf3+ Kf6 45. Nd4 Rh2 46. Rf2+ Ke7 47. Rfe2 g5 48. Nc2 g4 49. Ne3 g3 50.
Nf1 Rh1 51. Nxg3 Rxe1+ 52. Rxe1 Rg8 53. Re3 Kd6 54. Kd2 Ke5 55. Ke2 Kf4 56. Kf2 c5 57. Ne2+ Ke5 58. Ng3 Bxa4 59. c4 Bc6 60. cxd5 Bxd5 61.
Re1 b5 62. Rh1 a5 63. Rh5+ Kd4 64. Nf5+ Kd3 65. Ne7 e3+ 66. Ke1 Rxg2 67. Rxd5+ Ke4 68. Rxc5 b4 69. Rxa5 Rxb2 70. Rb5 Kd3 71. Rd5+ Ke4 72.
Rb5 b3 73. Rb6 Kd3 74. Rd6+ Ke4 75. Rb6 Rb1+ 76. Ke2 Rb2+ 77. Ke1 1/2-1/2

[Event "Late-Titled-Tuesday-Blitz-February-13-2024"]
[Site "Chess.com"]
[Date "2024.02.13"]
[Round "8"]
[White "Yurovskykh_Oleksandr"]
[Black "a_kandil"]
[Result "1/2-1/2"]
[WhiteElo "2685"]
[BlackElo "2500"]
[TimeControl "180+1"]
[EndTime "15:29:43 PST"]
[Termination "Game drawn by repetition"]

1. d4 Nf6 2. Nf3 g6 3. Bg5 Ne4 4. Bh4 Bg7 5. Nbd2 d5 6. e3 O-O 7. Nxe4 dxe4 8. Nd2 c5 9. c3 cxd4 10. exd4 Bf5 11. Be2 Nc6 12. O-O Qd5 13. Qb3 Qd7 14.
Nc4 Be6 15. Qa3 f5 16. Rfd1 Bd5 17. Ne3 f4 18. Nxd5 Qxd5 19. Qb3 Qxb3 20. axb3 h6 21. d5 g5 22. dxc6 bxc6 23. Bc4+ Kh8 24. Bxg5 hxg5 25.
Re1 e3 26. fxe3 f3 27. gxf3 Rxf3 28. Kg2 Raf8 29. Re2 Be5 30. Rxa7 Bd6 31. b4 Kg7 32. Ra5 Kh6 33. Be6 R3f6 34. Bg4 Kg7 35. h3 Kg6 36. Ra6 c5 37. bxc5 Bxc5 38. Rxf6+ Rxf6 39. e4 Rb6 40. b4 Bd6 41. e5 Bc7 42. Bf3 Rb5 43. e6 Kf6 44. Bc6 Rb6 45. b5 Be5 46. c4 Bd4 47. Kf3 Bc5 48. Bd5 Rb8 49. Ra2 Ke5 50. Kg2 Kf4 51.
Rb2 Ke5 52. Re2+ Kd4 53. Re4+ Kd3 54. Rg4 Be3 55. h4 gxh4 56. Rxh4 Rg8+ 57. Kf3 Rf8+ 58. Kg2 Rg8+ 59. Kh3 Bf2 60. Rg4 Rxg4 61. Kxg4 Bc5 62.
Kf5 Kc3 63. Kg6 Kb4 64. Kf7 Ka5 65. Ke8 Kb6 66. Kd7 Bd6 67. Be4 Bc5 68. Bd5 Bd6 69. Ke8 Bc5 70. Kd7 1/2-1/2

[Event "Late-Titled-Tuesday-Blitz-February-13-2024"]
[Site "Chess.com"]
[Date "2024.02.13"]
[Round "8"]
[White "Jarrahi2452"]
[Black "MKlose11"]
[Result "1-0"]
[WhiteElo "2825"]
[BlackElo "2655"]
[TimeControl "180+1"]
[EndTime "15:29:50 PST"]
[Termination "Jarrahi2452 won by resignation"]

1. d4 Nf6 2. g3 c5 3. d5 b5 4. Bg2 d6 5. e4 g6 6. f4 Bg7 7. e5 Nfd7 8. e6 Nf6 9. exf7+ Kxf7 10. Nf3 h6 11. O-O Re8 12. c4 bxc4 13. Na3 Nbd7 14. Nxc4 Bb7 15. Ne3 Kg8 16. Rb1 Rb8 17. b3 e5 18. fxe5 Nxe5 19. Nxe5 Rxe5 20. Qc2 Qe8 21. Qd3 Qe7 22. Rd1 Re8 23. Nc4 Re1+ 24. Rxe1 Qxe1+ 25. Bf1 Nxd5 26. Bb2 Qe7 27. Bxg7 Kxg7 28. Bg2 Nf6 29.
Bxb7 Qxb7 30. Nxd6 Rd8 31. Qxg6+ Kxg6 32. Nxb7 Rd2 33.
Nxc5 Rxa2 34. b4 Nd5 35. b5 Nc3 36. Rb3 Ne2+ 37. Kf1 Nd4 38. Rb4 Nf3 39. h3 Rc2 40.
Ne4 Kf5 41. Nd6+ Ke6 42. Ne4 Ke5 43. Nf2 Nh2+ 44. Kg2 h5 45. Rh4 Kf6 46. Rf4+ Kg5 47. Kxh2 h4 48. Kg2 hxg3 49. Kxg3 Rc3+ 50. Rf3 Rc2 51.
Ne4+ Kh6 52. Rf6+ Kh5 53. Rf5+ Kg6 54. Kg4 Kh6 55. h4 Rb2 56. Kf4 Rb4 57. h5 Kg7 58.
Ke5 Kh6 59. Ke6 Rxe4+ 60. Re5 Rb4 61. Kd6 Ra4 62. Kc6 Rc4+ 63. Kb7 Ra4 64. Kc6 Ra3 65.
Kd6 Ra4 66. Ke7 a6 67. b6 Rb4 68. Re6+ Kxh5 69. Kd7 a5 70. Kc7 a4 71. b7 Rc4+ 72.
Rc6 Rb4 73. Rb6 a3 74. Rxb4 1-0

[Event "Late-Titled-Tuesday-Blitz-February-13-2024"]
[Site "Chess.com"]
[Date "2024.02.13"]
[Round "8"]
[White "SHIVACalypso"]
[Black "kuli4ik"]
[Result "0-1"]
[WhiteElo "2518"]
[BlackElo "2855"]
[TimeControl "180+1"]
[EndTime "15:29:54 PST"]
[Termination "kuli4ik won by resignation"]

1. Nf3 d5 2. c4 d4 3. e3 Nc6 4.
exd4 Nxd4 5. Nxd4 Qxd4 6. Nc3 c6 7. d3 Nh6 8. Be3 Qd8 9. d4 Nf5 10. Qd2 g6 11. Be2 Bg7 12. Rd1 O-O 13. O-O Nxe3 14.
Qxe3 Qc7 15. Bf3 Rd8 16. Rfe1 e6 17. Ne4 Qe7 18. c5 h6 19. Nd6 Rxd6 20. cxd6 Qxd6 21.
g3 Bd7 22. Kg2 a6 23. Re2 Rd8 24. Rc2 Kh7 25. Be4 Bf6 26. h4 Kg7 27. Qb3 Bc8 28. Rcd2 Qc7 29. Qf3 Rd6 30. h5 g5 31. Bc2 Qd8 32. Qe4 Kf8 33. Rd3 Bg7 34. Rf3 f5 35. g4 f4 36. Rfd3 Qf6 37. f3 Bd7 38. Bb3 Ke7 39.
Bc4 Kd8 40. b4 Ke7 41. Bb3 Kf8 42. Bc4 Be8 43. Bb3 Bf7 44. Bc4 Kg8 45. Bb3 Kh8 46. a4 Bg8 47. R3d2 Bh7 48. Qe2 Bg8 49. b5 cxb5 50.
axb5 a5 51. Qe4 Qd8 52. Qxb7 Rb6 53. Qe4 Rxb5 54. Bxe6 Bh7 55. Qe2 Rb8 56. d5 Qd6 57. Rc1 a4 58. Ra2 a3 59. Qc4 Bf8 60. Qc7 Qxc7 61.
Rxc7 Rb2+ 62. Rxb2 axb2 63. Rb7 b1=Q 64. Rxb1 Bxb1 65.
Kf2 Kg7 66. Ke2 Kf6 67. Bg8 Bb4 68. Be6 Ke5 69. Bg8 Kd4 70. Bf7 Bd3+ 71. Kf2 Bc5 72.
Kg2 Kc3 73. Bg8 Bd6 74. Bh7 Bxh7 0-1

[Event "Late-Titled-Tuesday-Blitz-February-13-2024"]
[Site "Chess.com"]
[Date "2024.02.13"]
[Round "8"]
[White "ansko1999"]
[Black "Conejoviejo67"]
[Result "1-0"]
[WhiteElo "2631"]
[BlackElo "2437"]
[TimeControl "180+1"]
[EndTime "15:29:55 PST"]
[Termination "ansko1999 won by resignation"]

1. g3 g6 2. c4 Bg7 3. Nc3 e5 4. Bg2 Nc6 5. e4 d6 6. Nge2 Be6 7. d3 Nge7 8. O-O O-O 9. Be3 f5 10.
exf5 Nxf5 11. Bd5 Qd7 12. Bxe6+ Qxe6 13. Nd5 Rf7 14. Nec3 Ncd4 15. Bxd4 Nxd4 16. Ne4 Nf3+ 17. Kg2 h6 18. Nxc7 Nh4+ 19. gxh4 Rxc7 20. Qf3 Rf8 21. Qh3 Qxh3+ 22. Kxh3 Rf3+ 23. Kg2 Rxd3 24. b3 d5 25. cxd5 Rxd5 26. Rac1 Rcd7 27. Rc8+ Kf7 28. Rfc1 Bf8 29. Ra8 a6 30. Rcc8 Be7 31. Rh8 h5 32. Kg3 Rd3+ 33. f3 Rd1 34. Rh7+ Ke6 35. Re8 Rc1 36. Ng5+ Kd6 37. Ne4+ Ke6 38. Rg7 Rc2 39. Ng5+ Kd6 40. Rxg6+ Kd5 41. Re6 Bd6 42. Ne4 Rg7+ 43. Kh3 Bc7 44.
a4 Rgg2 45. Nf6+ Kc5 46. Rxe5+ Bxe5 47. Rxe5+ Kd6 48. Rxh5 Rxh2+ 49. Kg4 Ke6 50. Ne4 Rhg2+ 51. Kf4 Rg6 52. Ng5+ Kd6 53. Ne4+ Ke6 54. Re5+ Kd7 55.
h5 Rg7 56. h6 Rf7+ 57. Kg3 Rc6 58. Rh5 Rg6+ 59. Ng5 Rh7 60. f4 Rhxh6 61. Rxh6 Rxh6 62. Kg4 Ke7 63. Nf3 Rg6+ 64. Kf5 Rf6+ 65. Ke4 Re6+ 66.
Ne5 Kf6 67. Kd5 Rb6 68. Nd7+ Kf5 69. Nxb6 Kxf4 70. Kd6 Ke3 71. b4 Kd3 72. a5 Kc3 73. Nd5+ Kc4 74. Kc7 Kxd5 75. Kxb7 Kc4 76. Kxa6 Kxb4 77. Kb6 Kc4 78. a6 Kb4 79. a7 1-0

[Event "Late-Titled-Tuesday-Blitz-February-13-2024"]
[Site "Chess.com"]
[Date "2024.02.13"]
[Round "8"]
[White "dawid498"]
[Black "zajka-molotok"]
[Result "1-0"]
[WhiteElo "2695"]
[BlackElo "2506"]
[TimeControl "180+1"]
[EndTime "15:30:05 PST"]
[Termination "dawid498 won on time"]

1. e4 c5 2. Nf3 Nc6 3. d4 cxd4 4.
Nxd4 Nf6 5. Nc3 e5 6. Ndb5 d6 7. a4 Be6 8. Bg5 a6 9. Bxf6 gxf6 10. Na3 f5 11. Bc4 Bxc4 12. Nxc4 fxe4 13. Nxe4 Be7 14. Ncxd6+ Bxd6 15. Nxd6+ Kf8 16. O-O Qd7 17. c3 Rd8 18. Ne4 Qf5 19. Qe2 Rg8 20. Rfd1 Qg6 21. g3 h5 22. Rxd8+ Nxd8 23. Rd1 Ne6 24. Qf3 Kg7 25.
Rd7 h4 26. Nd6 Ng5 27. Qf5 Qxf5 28. Nxf5+ Kf6 29. Nxh4 b5 30. axb5 axb5 31. Kg2 e4 32. Rd5 Ne6 33. Rf5+ Ke7 34. Re5 Rd8 35. Rxe4 Rd2 36.
b3 Rc2 37. Re3 Rb2 38. b4 Kf6 39. Nf3 Kg7 40. Re5 Rb3 41. Rxb5 Rxc3 42. Re5 Rb3 43. b5 Rb2 44. h4 Nc7 45. Rg5+ Kf8 46. Rf5 Nxb5 47.
Ng5 Nd6 48. Rd5 Ke7 49. Re5+ Kf6 50. Re1 Nf5 51. Nf3 Kg7 52. Ng5 f6 53. Nh3 Nh6 54.
Nf4 Ng4 55. Re2 Rb1 56. f3 Ne5 57. Nh5+ Kf7 58. Nf4 Rb3 59. Rf2 Ra3 60. Nh3 Nd3 61.
Re2 Ne5 62. Ng1 Ra1 63. g4 Ra3 64. Rf2 Ra1 65. Nh3 Rb1 66. Kg3 Rb3 67. h5 Ra3 68. Nf4 Nc4 69. Nd5 Ne5 70. Nf4 Nc4 71. Rf1 Ne5 72.
Ng2 Nc4 73. Nh4 Ne5 74. Rf2 Rb3 75. Rc2 Ra3 76. Rc7+ Kg8 77. Rc8+ 1-0